 Dungeon Crawl Stone Soup version 0.28.0-53-g5a82cb258f (webtiles) character file.

Game seed: 2386303293188322304

3 fingers the Grave Robber (level 1, 0/13 HPs)
             Began as a Mummy Necromancer on May 24, 2022.
             Hit by a stone thrown by a kobold (1 damage)
             ... on level 1 of the Dungeon.
             The game lasted 00:01:34 (123 turns).

fingers the Grave Robber (Mummy Necromancer)         Turns: 123, Time: 00:01:35

Health: 0/13       AC:  2    Str: 11    XL:     1   Next: 41%
Magic:  1/4        EV: 12    Int: 14    God:
Gold:   0          SH:  0    Dex: 12    Spells: 3/5 levels left

rFire   x . .      SeeInvis .   (no weapon)
rCold   + . .      Faith    .   (no shield)
rNeg    + + +      Spirit   .   a - +0 robe
rPois   ∞          Reflect  .   (no helmet)
rElec   .          Harm     .   (no cloak)
rCorr   .          Rampage  .   (no gloves)
Will    .....                   (no boots)
Stlth   ++........              (no amulet)
HPRegen 0.04/turn               (no ring)
MPRegen 0.09/turn               (no ring)

@: no status effects
A: cold resistance 1, negative energy resistance 3, torment resistance 2, heat
vulnerability 1, no potions
a: no special abilities


You were on level 1 of the Dungeon.
You visited 1 branch of the dungeon, and saw 1 of its levels.

Inventory:

Armour
 a - a +0 robe (worn)
 b - a +0 tower shield
Potions
 c - a potion of degeneration {unknown}


   Skills:
 + Level 1.5 Dodging
 + Level 1.6 Stealth
 + Level 2.7 Spellcasting
 + Level 4.1 Necromancy


You had 3 spell levels left.
You knew the following spells:

 Your Spells              Type           Power      Damage    Failure   Level
a - Pain                  Necr           52%        1d6       4%          1
b - Animate Skeleton      Necr           26%        N/A       4%          1

Your spell library contained the following spells:

 Spells                   Type           Power      Damage    Failure   Level
 Vampiric Draining        Necr           13%        2d6       12%         3
 Animate Dead             Necr           6%         N/A       38%         4
 Agony                    Necr           13%        N/A       75%         5


Dungeon Overview and Level Annotations

Branches:
Dungeon (1/15)

Altars:


Innate Abilities, Weirdness & Mutations

You are immune to poison.
Your flesh is cold resistant. (rC+)
You are immune to negative energy. (rN+++)
You are immune to unholy pain and torment.
You are vulnerable to heat. (rF-)
You do not drink.


Message History

You hit the jackal but do no damage.
The jackal is severely wounded.
The jackal bites you. The jackal closely misses you.
You closely miss the jackal.
The jackal is heavily wounded.
The jackal bites you but does no damage.
The jackal closely misses you.
You closely miss the jackal.
The jackal is heavily wounded.
The jackal bites you but does no damage.
The jackal bites you but does no damage.
You closely miss the jackal.
The jackal is heavily wounded.
The jackal bites you. The jackal misses you.
You closely miss the jackal.
The jackal is heavily wounded.
The jackal bites you. The jackal closely misses you. The jackal bites you.
The jackal bites you but does no damage.
The jackal bites you. The jackal barely misses you.
Casting: Pain (safe; 4% risk of failure)
Confirm with . or Enter, or press ? or * to list all spells.
Aiming: Pain (safe; 4% risk of failure)
Press: ? - help, Shift-Dir - straight line, f/p - jackal
Aim: a jackal (heavily wounded, chance to affect: 83%)
The jackal barely resists.
The jackal barely misses you. x2
The jackal bites you.
* * * LOW HITPOINT WARNING * * *
Casting: Pain (safe; 4% risk of failure)
Confirm with . or Enter, or press ? or * to list all spells.
You don't have enough magic to cast this spell.
The jackal closely misses you. 2 kobolds come into view.
The jackal completely misses you.
The kobold shouts!
The kobold shouts!
The jackal barely misses you.
The kobold throws a stone.
The stone hits you.
You die...

#.# #.# .#.#####.####
#.# ...#........# #.#
#..#........# #.#
#..#........# #.#
#..#........# ######.#
#..#...K.K..#
.......#####..#........#
######.....h.Bh.@.#
######..h......#
#######.### .# .# .#
###+### ### .#
##.....###.≈## .#
#.......#..≈≈#


You could see 3 jackals, a giant cockroach and 2 kobolds.

Vanquished Creatures
  A giant cockroach (D:1)
  A jackal (D:1)
  A ball python (D:1)
3 creatures vanquished.

Notes
Turn   | Place    | Note
-------+----------+-------------------------------------------
     0 | D:1      | fingers the Mummy Necromancer began the quest for the Orb.
     0 | D:1      | Reached XP level 1. HP: 13/13 MP: 4/4
    79 | D:1      | Learned a level 1 spell: Animate Skeleton
   123 | D:1      | Hit by a stone thrown by a kobold

Illustrated notes

Levels and vault maps discovered:
D:1:      dpeg_arrival_another_circle, layout_basic, minmay_cupped

Action                   || total
-------------------------++-------
Melee: Unarmed           ||     9
 Cast: Pain              ||     7
       Animate Skeleton  ||     1
Armor: Robe              ||     6
Dodge: Dodged            ||    12
